 Dungeon Crawl Stone Soup version 0.17-a0-1733-ge90ece9 (webtiles) character file.

112 Enroth the Scholar of Death (level 4, -7/30 HPs)
             Began as a Mummy Necromancer on Aug 30, 2015.
             Was a Follower of Kikubaaqudgha.
             Killed from afar by Sigmund (9 damage)
             ... with a magic dart
             ... on level 4 of the Dungeon.
             The game lasted 00:19:56 (3199 turns).

Enroth the Scholar of Death (Mummy Necromancer)     Turns: 3199, Time: 00:19:56

Health: -7/30      AC:  3    Str: 11    XL:     4   Next: 63%
Magic:  7/9        EV: 16    Int: 15    God:    Kikubaaqudgha [*.....]
Gold:   88         SH:  0    Dex: 18    Spells: 4 memorised, 1 level left

rFire  x . .     SeeInvis .     f - +0 dagger (venom)
rCold  + . .     Clarity  .     a - +0 robe
rNeg   + + +     SustAt   .     (no shield)
rPois  ∞         Gourm    .     (no helmet)
rElec  .         Spirit   .     (no cloak)
rCorr  .         Warding  .     i - +0 pair of gloves
rMut   .         Stasis   .     (no boots)
MR     .....                    (no amulet)
Stlth  ++........               d - +4 ring of evasion
                                m - +6 ring of dexterity

@: very slightly contaminated, not resistant to hostile enchantments, unstealthy
A: no food or potions, fire vulnerability, cold resistance 1, negative energy
resistance 3, torment resistance, unbreathing
a: Receive Corpses, Renounce Religion


You were on level 4 of the Dungeon.
You worshipped Kikubaaqudgha.
Kikubaaqudgha was aware of your devotion.
You were not hungry.

You visited 1 branch of the dungeon, and saw 4 of its levels.

You collected 88 gold pieces.

Inventory:

Hand weapons
 f - a +0 dagger of venom (weapon)
Armour
 a - a +0 robe (worn)
 i - a +0 pair of gloves (worn)
Jewellery
 d - a +4 ring of evasion (right hand)
 m - a +6 ring of dexterity (left hand)
Magical devices
 l - a wand of draining (5)
Scrolls
 e - a scroll of random uselessness {unknown}
 g - a scroll of identify
 h - a scroll of remove curse {unknown}
 k - a scroll of enchant weapon {unknown}
Books
 b - a book of Necromancy

   Spells                             Type                      Level
   a - Pain                           Necromancy                   1
   b - Animate Skeleton               Necromancy                   1
   c - Vampiric Draining              Necromancy                   3
   d - Regeneration                   Charms/Necromancy            3
   e - Animate Dead                   Necromancy                   4
   f - Control Undead                 Necromancy                   4
 j - Kikubaaqudgha's Catalogue of Necromancy
   (Kikubaaqudgha gifted it to you on level 3 of the Dungeon)

   Spells                             Type                      Level
   a - Animate Skeleton               Necromancy                   1
   b - Pain                           Necromancy                   1
   c - Corpse Rot                     Necromancy                   2
   d - Vampiric Draining              Necromancy                   3
   e - Control Undead                 Necromancy                   4


   Skills:
 + Level 1.8 Dodging
 + Level 1.6 Stealth
 + Level 3.6 Spellcasting
 + Level 4.8 Necromancy


You had one spell level left.
You knew the following spells:

 Your Spells              Type           Power        Failure   Level  Hunger
a - Pain                  Necr           ###.         2%          1    N/A
b - Animate Skeleton      Necr           N/A          2%          1    N/A
c - Vampiric Draining     Necr           ###.......   10%         3    N/A
d - Control Undead        Necr           ###.......   28%         4    N/A

Dungeon Overview and Level Annotations

Branches:
Dungeon (4/15)
 Temple: D:4-7

Altars:
Kikubaaqudgha
Makhleb
Qazlal
Sif Muna
Zin

Annotations:
D:3 Grim's ghost, average DgGl
D:4 Sigmund


Innate Abilities, Weirdness & Mutations

You do not eat or drink.
Your flesh is vulnerable to fire.
You are immune to poison.
Your flesh is cold resistant.
You are immune to negative energy.
You are immune to unholy pain and torment.
You can survive without breathing.


Message History

Aiming: Pain
Press: ? - help, Shift-Dir - straight line You miscast Pain.
You are very lightly contaminated with residual magic.
Your bones ache.
Casting: Pain
Confirm with . or Enter, or press ? or * to list all spells.
Aiming: Pain
Press: ? - help, Shift-Dir - straight line Nothing appears to happen.
Something hits you!
A puff of flame appears from out of thin air!
The puff of flame hits you! The fire burns you terribly!
Ouch! That really hurt!
* * * LOW HITPOINT WARNING * * *
You can't drink.
A magic dart appears from out of thin air!
The magic dart hits you!
You die...
Kikubaaqudgha rasps: "You have failed me!
Welcome... oblivion!"

#.# #.# ....# #.# #.#.##
#.# #.#..# #.# #.#..## #.#
#.#...# #.# #.#.#.## #.#
##.#.#..###########.#.####
................@..........
##...............##.#.#####
#######+######..##.#...
#..##.# ### #..#... #..#..#
#..#... #..# ##


There were no monsters in sight!

Vanquished Creatures
  A worker ant zombie (D:3)
  An adder (D:2)
  An adder skeleton (D:3)
  A giant gecko (D:3)
  6 orcs (D:3)
  2 ball pythons
  8 bats
  4 giant cockroaches
  13 hobgoblins
  6 jackals
  A giant gecko skeleton (D:3)
  8 giant newts
  10 goblins
  6 kobolds
  2 quokkas
  5 rats
75 creatures vanquished.

Vanquished Creatures (collateral kills)
  A worm (D:3)
1 creature vanquished.

Grand Total: 76 creatures vanquished

Notes
Turn   | Place    | Note
--------------------------------------------------------------
     0 | D:1      | Enroth the Mummy Necromancer began the quest for the Orb.
     0 | D:1      | Reached XP level 1. HP: 13/13 MP: 3/3
     2 | D:1      | Learned a level 1 spell: Animate Skeleton
   109 | D:1      | You fall through a shaft!
   200 | D:2      | Found a stormy altar of Qazlal.
   457 | D:1      | Reached XP level 2. HP: 17/19 MP: 3/5
  1304 | D:1      | Reached XP level 3. HP: 24/24 MP: 4/7
  1510 | D:2      | Found an ancient bone altar of Kikubaaqudgha.
  1514 | D:2      | Became a worshipper of Kikubaaqudgha
  1683 | D:2      | Learned a level 3 spell: Vampiric Draining
  2176 | D:3      | Noticed Grim's ghost (average DgGl)
  2297 | D:3      | Reached XP level 4. HP: 25/30 MP: 1/8
  2311 | D:3      | Noticed an Executioner
  2312 | D:3      | Found a burning altar of Makhleb.
  2317 | D:3      | Found a glowing silver altar of Zin.
  2317 | D:3      | Noticed an angel
  2442 | D:3      | Acquired Kikubaaqudgha's first power
  2442 | D:3      | Received a gift from Kikubaaqudgha
  2443 | D:3      | Identified Kikubaaqudgha's Catalogue of Necromancy (Kikubaaqudgha gifted it to you on level 3 of the Dungeon)
  2487 | D:3      | Found a deep blue altar of Sif Muna.
  2590 | D:3      | Learned a level 4 spell: Control Undead
  3182 | D:4      | Noticed Sigmund
  3193 | D:4      | HP: 1/30 [something/puff of flame (15)]
  3199 | D:4      | Killed from afar by Sigmund

Vault maps used:
D:1:      tarquinn_simple_flora_water_d, moated_statue
D:2:      overflow_temple_1_default, lemuel_doored_altar
D:3:      lemuel_round_altar, grunt_temple_overflow_order_and_chaos_2,
          serial_undead, serial_undead_c, serial_undead_d, serial_undead_c,
          serial_undead_c
D:4:      overflow_temple_1_default, nicolae_overflow_hidden_temple,
          guppyfry_shop_venom, uniq_sigmund, uniq_pikel

Action                   |  1- 3 |  4- 6 || total
-------------------------+-------+-------++-------
Melee: Unarmed           |     1 |       ||     1
       Dagger            |    14 |    48 ||    62
 Cast: Pain              |    99 |    38 ||   137
       Animate Skeleton  |     8 |     1 ||     9
       Vampiric Draining |     2 |       ||     2
       Control Undead    |       |     1 ||     1
  Use: Scroll            |       |     1 ||     1
